Map: Year Zero LE

Players

PtitDrogo - Winner!

  • Race: Protoss Protoss
  • League: Grandmaster
  • Spawn Location: 11:00

Elazer

  • Race: Zerg Zerg
  • Spawn Location: 1:00

Event: 2019 WCS Winter Europe

VOD

Have the link to the VOD?

Description

Time

  • Played on: March 23, 2019, 12:23 p.m.
  • Length: 16:47

All games in this series

Show
View Real Time Build Order
Export as new Build Order

PtitDrogo Protoss - Winner!

Build Orders: 1 Gate Expand, Oracle Opening 

Get SALT Encoding   

  12  0:00  Probe  
  13  0:13  Probe  
  14  0:23  Pylon  
  14  0:25  Probe  
  15  0:37  Probe  
  16  0:45  Probe, Gateway  
  17  0:50  Assimilator  
  17  0:55  Probe  
  18  1:07  Probe  
  19  1:19  Probe  
  19  1:25  Nexus  
  20  1:36  Cybernetics Core  
  20  1:39  Probe  
  21  1:47  Assimilator  
  21  1:51  Probe  
  22  1:54  Pylon  
  22  2:03  Probe, Adept  
  25  2:18  Probe  
  26  2:23  Stargate  
  26  2:27  Stalker  
  26  2:28  Warp Gate  
  26  2:29  Probe  
  29  2:37  Probe  
  29  2:38  Probe  
  31  2:45  Probe  
  31  2:50  Probe  
  33  2:57  Oracle, Probe  
  34  3:02  Probe  
  35  3:09  Probe  
  39  3:14  Probe  
  39  3:15  Pylon, Adept  
  42  3:21  Probe  
  42  3:26  Probe  
  44  3:27  Oracle  
  44  3:33  Probe  
  45  3:35  Assimilator  
  45  3:38  Assimilator, Probe  
  49  3:45  Probe  
  49  3:46  Pylon  
  50  3:50  Probe  
  51  3:57  Probe  
  51  4:02  Probe  
  53  4:06  Robotics Facility  
  53  4:09  Probe  
  54  4:14  Probe  
  55  4:21  Probe  
  56  4:26  Probe  
  57  4:34  Probe  
  56  4:38  Probe  
  56  4:42  Nexus  
  56  4:43  Nexus  
  56  4:44  Pylon  
  57  4:46  Observer, Probe  
  57  4:51  Probe  
  57  4:52  Twilight Council, Forge  
  57  4:55  Probe  
  59  5:03  Probe x2  
  59  5:06  Immortal  
  60  5:10  Stalker  
  60  5:12  Probe  
  67  5:15  Probe  
  67  5:17  Gateway  
  67  5:18  Gateway  
  69  5:22  Protoss Ground Weapons Level 1  
  69  5:24  Probe  
  70  5:38  Charge, Pylon  
  70  5:44  Gateway, Templar Archives  
  70  5:47  Gateway  
  70  5:51  Gateway  
  70  5:52  Probe  
  70  5:55  Probe x2  
  73  5:57  Sentry  
  73  6:00  Probe  
  73  6:03  Immortal  
  75  6:04  Pylon  
  75  6:07  Probe x2  
  75  6:10  Probe  
  78  6:14  Zealot  
  78  6:16  Psionic Storm  
  85  6:19  Assimilator, Probe  
  85  6:21  Assimilator, Probe  
  85  6:22  High Templar x2  
  91  6:32  Gateway  
  91  6:35  Gateway  
  91  6:37  High Templar, Gateway  
  91  6:39  Probe x2  
  95  6:48  Probe  
  95  6:51  Pylon  
  95  6:52  High Templar  
  95  6:53  Photon Cannon  
  98  6:57  Photon Cannon  
  98  7:00  Stalker, Shield Battery  
  100  7:03  Pylon  
  100  7:06  Pylon  
  100  7:11  Photon Cannon  
  100  7:15  Warp Prism  
  100  7:18  Pylon  
  100  7:19  Pylon  
  100  7:20  Pylon  
  100  7:26  Zealot  
  100  7:27  Zealot x6  
  116  7:32  High Templar x2  
  116  7:34  Protoss Ground Weapons Level 2  
  120  7:48  Pylon  
  120  7:49  Zealot x3, High Templar x2  
  120  7:50  Zealot x2  
  134  7:56  Photon Cannon, Pylon  
  134  7:58  Pylon  
  134  8:03  Void Ray  
  134  8:04  Nexus  
  134  8:18  Probe  
  139  8:26  High Templar x3  
  139  8:27  High Templar  
  147  8:28  Photon Cannon x2  
  147  8:29  Zealot x3  
  147  8:30  Archon  
  147  8:31  Archon  
  151  8:45  High Templar x2  
  151  8:46  Immortal  
  153  8:51  Zealot x3  
  153  8:53  Probe x2  
  153  8:54  Pylon  
  161  8:58  Assimilator  
  165  9:03  Assimilator  
  163  9:13  Probe x2  
  163  9:15  Fleet Beacon  
  163  9:20  Photon Cannon  
  163  9:22  Photon Cannon  
  163  9:23  Photon Cannon  
  163  9:24  High Templar x2, Shield Battery  
  163  9:29  Archon  
  155  9:32  Zealot x3  
  155  9:37  Zealot x4  
  146  9:59  High Templar x4  
  148  10:00  Zealot x3  
  148  10:04  Pylon  
  148  10:05  Archon x2  
  146  10:20  Zealot x5  
  148  10:33  Zealot x4  
  146  10:36  Archon x2  
  146  10:40  Zealot x3  
  146  10:41  Zealot x2  
  150  10:49  Mothership  
  140  10:51  Probe  
  140  10:52  Probe  
  124  10:58  Zealot  
  124  10:59  Zealot x3  
  124  11:00  Tempest  
  119  11:04  High Templar x4  
  119  11:08  Zealot  
  136  11:15  Stargate, Probe  
  136  11:16  Stargate  
  131  11:21  Photon Cannon  
  131  11:22  Photon Cannon  
  131  11:24  Photon Cannon  
  131  11:25  Photon Cannon, Shield Battery  
  131  11:27  Zealot x4  
  131  11:29  Probe x2  
  131  11:30  Probe  
  134  11:41  Probe x2  
  134  11:44  Zealot x4  
  134  11:45  Zealot  
  146  11:59  Tempest x2  
  156  12:06  Zealot x3  
  160  12:10  Tempest  
  161  12:26  High Templar x2  
  161  12:27  High Templar x5  
  164  12:32  Archon x3  
  164  12:35  High Templar x2  
  152  12:52  Probe  
  152  12:57  Probe  
  154  13:00  Archon  
  154  13:01  Zealot x2  
  154  13:02  Zealot x5  
  154  13:04  Probe  
  149  13:07  Probe  
  149  13:08  Probe  
  149  13:09  Zealot x2  
  149  13:12  Dark Shrine  
  143  13:27  High Templar x5  
  143  13:28  High Templar  
  143  13:30  Protoss Ground Weapons Level 3  
  143  13:32  Archon x2  
  143  13:33  Archon  
  151  13:47  High Templar  
  153  13:49  Zealot x2, Pylon  
  157  14:01  Photon Cannon, High Templar  
  159  14:04  Photon Cannon  
  159  14:07  Photon Cannon x2  
  159  14:09  High Templar x2  
  163  14:10  Zealot x5  
  163  14:14  Nexus  
  163  14:17  Photon Cannon, Pylon  
  169  14:19  Pylon  
  169  14:21  Photon Cannon  
  169  14:22  Probe  
  169  14:23  Shield Battery  
  162  14:26  Dark Templar  
  162  14:31  Dark Templar  
  162  14:32  Dark Templar x2  
  162  14:37  Dark Templar x2  
  162  14:47  Archon  
  162  14:50  Zealot x3  
  168  14:58  Tempest x2  
  168  14:59  Tempest  
  159  15:26  Archon  
  159  15:27  Archon  
  145  15:28  Probe  
  145  15:29  Zealot x6  
  145  15:30  Zealot x3  
  145  15:32  Immortal  
  158  15:42  Tempest  
  157  15:58  Probe  
  157  16:03  High Templar x4  
  157  16:04  Zealot x5  
  154  16:07  Assimilator  
  154  16:08  Assimilator  
  162  16:11  Observer  
  166  16:23  Pylon  
  153  16:35  Zealot x7  
  153  16:36  Zealot x2  
Show
View Real Time Build Order
Export as new Build Order

Elazer Zerg 

Build Orders: Hatch First, Roach Hydra 

Get SALT Encoding   

  12  0:00  Drone  
  13  0:12  Overlord  
  13  0:19  Drone  
  14  0:31  Drone x2  
  16  0:49  Hatchery  
  15  0:52  Drone  
  15  0:56  Drone  
  17  0:59  Drone  
  18  1:10  Extractor  
  17  1:15  Spawning Pool  
  17  1:18  Drone  
  17  1:21  Drone  
  18  1:28  Drone  
  19  1:39  Drone  
  20  1:51  Drone  
  21  2:03  Overlord  
  21  2:04  Queen x2, Zergling x2  
  26  2:17  Zergling x2  
  26  2:18  Drone  
  28  2:27  Drone x2  
  30  2:33  Drone  
  30  2:34  Drone  
  32  2:40  Hatchery  
  31  2:47  Queen  
  33  2:52  Overlord  
  33  2:54  Drone  
  33  2:56  Drone  
  35  2:59  Drone  
  36  3:10  Overlord  
  36  3:12  Drone x2  
  38  3:13  Drone x2  
  38  3:14  Drone  
  38  3:17  Drone  
  42  3:23  Queen  
  44  3:29  Spore Crawler  
  44  3:30  Drone  
  44  3:31  Drone x2  
  46  3:36  Lair  
  46  3:38  Drone  
  46  3:39  Drone  
  48  3:41  Drone  
  48  3:44  Drone  
  50  3:49  Roach Warren  
  50  3:53  Extractor  
  50  3:54  Drone x2  
  50  3:55  Drone  
  51  3:59  Drone  
  51  4:01  Drone x2  
  53  4:06  Overlord  
  53  4:12  Spore Crawler x2  
  53  4:13  Queen  
  53  4:17  Drone  
  53  4:18  Drone  
  54  4:24  Overlord  
  54  4:25  Drone x3  
  54  4:27  Drone  
  54  4:30  Drone x2  
  58  4:36  Queen  
  57  4:40  Spore Crawler  
  57  4:43  Drone x3  
  57  4:44  Drone  
  59  4:48  Drone x3  
  61  4:53  Drone x3  
  61  4:55  Drone  
  66  5:00  Evolution Chamber  
  66  5:03  Drone x3  
  66  5:04  Glial Reconstitution  
  66  5:06  Extractor  
  66  5:07  Overlord, Overseer  
  67  5:15  Roach x2  
  67  5:19  Extractor  
  70  5:22  Overlord  
  70  5:23  Drone x3  
  70  5:24  Roach  
  70  5:26  Zerg Missile Weapons Level 1  
  71  5:32  Drone x2  
  71  5:34  Roach  
  73  5:37  Overlord  
  73  5:41  Overlord  
  73  5:47  Drone x5  
  73  5:48  Hydralisk Den, Drone x2  
  79  6:00  Overlord, Drone x4  
  79  6:02  Drone  
  84  6:04  Hatchery  
  84  6:06  Roach  
  84  6:07  Roach  
  87  6:13  Drone x5  
  87  6:14  Extractor  
  87  6:15  Extractor  
  90  6:18  Muscular Augments  
  90  6:19  Roach  
  90  6:20  Overseer  
  92  6:28  Hydralisk x4  
  100  6:39  Hydralisk x2  
  104  6:47  Overlord  
  104  6:50  Drone  
  104  6:51  Overlord  
  105  6:55  Overlord  
  105  7:01  Overlord  
  105  7:05  Drone x2  
  105  7:06  Drone x2  
  105  7:07  Hydralisk, Drone x2  
  113  7:12  Hydralisk x2  
  113  7:13  Hydralisk  
  120  7:15  Drone  
  120  7:21  Zerg Missile Weapons Level 2  
  120  7:25  Extractor  
  120  7:28  Pneumatized Carapace  
  120  7:29  Overlord  
  119  7:31  Hydralisk x10, Drone x2  
  119  7:34  Overseer  
  119  7:37  Grooved Spines  
  141  7:47  Roach x5  
  151  7:54  Nydus Network  
  151  7:56  Roach x2  
  150  8:00  Overlord  
  150  8:07  Overlord  
  150  8:10  Roach  
  150  8:11  Overlord  
  150  8:12  Overlord x2  
  152  8:18  Overlord  
  152  8:20  Roach x4  
  160  8:27  Overlord  
  160  8:32  Overlord  
  160  8:33  Hydralisk  
  160  8:34  Hydralisk x6  
  160  8:37  Overlord  
  160  8:41  Roach x8  
  186  8:46  Nydus Canal  
  186  8:55  Hydralisk x6  
  186  9:02  Overlord  
  198  9:05  Overlord  
  198  9:10  Roach  
  198  9:11  Overlord  
  198  9:15  Nydus Canal  
  198  9:16  Overlord  
  200  9:22  Overlord  
  200  9:25  Hydralisk x3  
  190  9:33  Hydralisk x8  
  190  9:38  Hydralisk x2  
  192  9:39  Nydus Canal  
  192  9:50  Hydralisk x5  
  190  9:53  Nydus Canal  
  190  9:54  Hydralisk x2  
  170  10:00  Overseer  
  170  10:02  Hydralisk  
  170  10:05  Hydralisk x4  
  164  10:14  Hydralisk x3  
  170  10:23  Nydus Canal  
  170  10:24  Hydralisk x3  
  172  10:34  Nydus Canal  
  152  10:36  Roach x5  
  158  10:44  Hydralisk x3  
  158  10:48  Hydralisk x2, Nydus Canal  
  142  10:58  Hydralisk x3  
  142  11:00  Hydralisk  
  142  11:03  Hydralisk  
  130  11:09  Hydralisk  
  130  11:10  Hydralisk x2  
  126  11:17  Hydralisk x2, Nydus Canal  
  128  11:19  Hatchery  
  128  11:24  Roach  
  128  11:25  Roach x4  
  137  11:28  Roach x2  
  137  11:29  Roach  
  145  11:33  Roach x3  
  145  11:38  Hydralisk  
  151  11:40  Hydralisk x2  
  155  11:47  Nydus Canal  
  155  11:51  Hydralisk x2  
  155  11:53  Overlord  
  159  11:57  Roach x5  
  167  12:02  Roach, Nydus Canal  
  167  12:03  Roach x3  
  169  12:16  Roach x2  
  169  12:17  Roach x8  
  169  12:18  Hydralisk  
  177  12:22  Hydralisk  
  177  12:26  Hydralisk  
  177  12:27  Hydralisk  
  177  12:30  Hydralisk  
  179  12:38  Hydralisk x3  
  179  12:41  Nydus Canal  
  177  12:48  Hydralisk x2  
  165  12:53  Hydralisk  
  165  12:54  Hydralisk  
  165  12:55  Nydus Canal  
  149  13:00  Hydralisk x3  
  129  13:06  Hydralisk x2  
  117  13:16  Overseer x3  
  117  13:18  Hydralisk x2  
  119  13:22  Extractor, Drone x3  
  119  13:24  Roach x4  
  129  13:28  Roach x3  
  135  13:40  Roach  
  135  13:41  Roach x8  
  153  13:42  Drone x7  
  160  13:49  Roach x3  
  166  13:57  Hydralisk  
  166  13:58  Hydralisk x3  
  166  14:00  Nydus Canal  
  174  14:08  Hydralisk  
  174  14:09  Hydralisk x3  
  182  14:14  Nydus Canal  
  158  14:27  Roach x10  
  158  14:28  Nydus Canal  
  158  14:30  Drone x4  
  176  14:33  Hydralisk  
  176  14:35  Overseer x2  
  168  14:38  Hydralisk x2  
  168  14:43  Overseer x2  
  172  14:47  Nydus Canal  
  172  14:50  Hydralisk x4  
  180  14:54  Overseer  
  180  15:06  Hydralisk x5  
  172  15:23  Hydralisk  
  172  15:24  Hydralisk x5  
  146  15:28  Nydus Canal  
  146  15:29  Hydralisk  
  144  15:39  Hydralisk x3  
  144  15:45  Ravager  
  144  15:46  Overseer  
  141  15:51  Roach  
  141  15:52  Roach x2  
  141  16:04  Roach x7  
  145  16:05  Hatchery, Nydus Canal  
  144  16:12  Roach x2  
  144  16:18  Hydralisk x2  
Tags
 
Add a new tag
Caveats
  • Supply blocks, unpowered buildings, or Contaminate may cause inaccurate times.
  • Supply counts are checked every 10 seconds.